Map: Blackpink LE

Players

Modmaster

  • Race: Zerg Zerg
  • League: Platinum
  • Spawn Location: 7:00

A.I. 1 (Elite) - Winner!

  • Race: Zerg Zerg
  • Spawn Location: 1:00

VOD

Have the link to the VOD?

Description

Time

  • Played on: Feb. 4, 2018, 1:24 p.m.
  • Length: 5:07
Show
View Real Time Build Order
Export as new Build Order

Modmaster Zerg 

Build Orders: Pool First 

Get SALT Encoding   

  12  0:01  Drone  
  13  0:12  Overlord  
  13  0:17  Drone  
  14  0:31  Drone x2  
  14  0:35  Drone  
  17  0:46  Spawning Pool  
  17  0:49  Drone  
  17  1:12  Hatchery  
  17  1:13  Drone  
  17  1:17  Extractor  
  17  1:18  Drone  
  17  1:29  Drone  
  18  1:33  Queen  
  20  1:44  Drone  
  21  1:50  Overlord  
  21  2:00  Drone  
  22  2:08  Queen  
  22  2:14  Drone  
  25  2:23  Drone  
  25  2:25  Drone  
  27  2:30  Metabolic Boost  
  27  2:35  Roach Warren, Drone x2  
  28  2:41  Drone x3  
  31  2:49  Drone x2  
  33  2:57  Drone x2  
  35  2:59  Lair  
  35  3:05  Extractor  
  34  3:08  Evolution Chamber  
  34  3:11  Spore Crawler  
  32  3:14  Spore Crawler  
  32  3:17  Overlord  
  31  3:21  Overlord  
  31  3:32  Drone x2  
  31  3:33  Drone x3  
  36  3:44  Roach  
  36  3:47  Roach  
  40  3:51  Roach  
  42  3:59  Roach x2  
  42  4:02  Roach  
  48  4:06  Roach  
  50  4:11  Roach  
  46  4:19  Roach  
  46  4:21  Roach  
  45  4:25  Roach  
  44  4:31  Roach  
  44  4:34  Roach  
  45  4:42  Roach  
  45  4:43  Roach  
Show
View Real Time Build Order
Export as new Build Order

A.I. 1 (Elite) Zerg - Winner!

Build Orders: Pool First 

Get SALT Encoding   

  12  0:00  Drone  
  13  0:12  Overlord  
  13  0:17  Drone  
  14  0:30  Drone  
  15  0:40  Spawning Pool  
  15  0:41  Drone  
  15  0:45  Drone  
  15  0:49  Drone  
  17  0:54  Extractor  
  17  0:55  Drone  
  17  1:06  Drone  
  18  1:17  Drone  
  19  1:28  Queen, Zergling x2  
  19  1:30  Roach Warren  
  21  1:38  Overlord  
  21  1:49  Drone  
  22  1:59  Overlord  
  22  2:11  Roach  
  24  2:21  Roach  
  26  2:27  Hatchery  
  25  2:32  Drone  
  25  2:34  Roach  
  25  2:35  Roach  
  30  2:40  Roach  
  32  2:45  Roach  
  34  2:54  Overlord  
  34  3:05  Roach  
  36  3:06  Roach  
  36  3:12  Roach x2  
  42  3:17  Roach  
  44  3:28  Roach  
  46  3:38  Overlord  
  46  3:39  Roach x2  
  50  3:42  Zergling x2  
  52  3:48  Zergling x2  
  52  3:56  Zergling x2  
  52  3:57  Zergling x2  
  54  4:05  Baneling Nest  
  54  4:08  Zergling x2  
  53  4:10  Zergling x2  
  53  4:14  Zergling x2  
  55  4:18  Zergling x2  
  55  4:21  Zergling x2  
  57  4:38  Extractor  
  56  4:40  Overlord, Drone  
  56  4:42  Drone  
  58  4:49  Baneling  
  58  4:56  Extractor  
Tags
 
League
Platinum
Matchup
ZvZ
Race
Zerg
Spawn Locations
Cross Positions
Add a new tag
Caveats
  • Supply blocks, unpowered buildings, or Contaminate may cause inaccurate times.
  • Supply counts are checked every 10 seconds.